 Dungeon Crawl Stone Soup version 0.14-a0-3520-g290746a (webtiles) character file.

50 KaKa the Ruinous (level 2, -2/17 HPs)
             Began as an Octopode Conjurer on Mar 27, 2014.
             Slain by a hobgoblin
             ... wielding a +0,+0 club
              (4 damage)
             ... on Level 1 of the Dungeon.
             The game lasted 00:05:17 (646 turns).

KaKa the Ruinous (Octopode Conjurer)                 Turns: 646, Time: 00:05:17

HP  -2/17        AC  1     Str  7      XL: 2   Next: 70%
MP   5/5         EV 12     Int 17      God:
Gold 32          SH  0     Dex 12      Spells:  2 memorised,  3 levels left

rFire  . . .     SeeInvis .     (no weapon)
rCold  . . .     Clarity  .     (no shield)
rNeg   . . .     Conserve .     (helmet restricted)
rPois  .         rCorr    .     (no amulet)
rElec  .         rRot     .     (no ring)
SustAb . .       Spirit   .     (no ring)
rMut   .         Warding  .     (no ring)
Saprov . . .     Stasis   .     (no ring)
MR     .....                    (no ring)
                                (no ring)
                                (no ring)
                                (no ring)

@: not resistant to hostile enchantments, quite stealthy
A: almost no armour, amphibious, 8 rings, constrict 8, camouflage 1, gelatinous
body 1
a: no special abilities


You were on level 1 of the Dungeon.
You were not hungry.

You visited 1 branch of the dungeon, and saw 2 of its levels.

You collected 32 gold pieces.

Inventory:

Comestibles
 a - a royal jelly
 b - a bread ration
 h - a rotting chunk of rat flesh
 i - a rambutan
 k - a chunk of giant cockroach flesh
 l - 2 rotting chunks of goblin flesh
 m - a chunk of ball python flesh
Scrolls
 d - a scroll of teleportation {unknown}
 g - a scroll of fear {unknown}
 j - a scroll of identify {unknown}
Potions
 e - a potion of resistance {unknown}
 f - a potion of mutation {unknown}
Books
 c - a book of Conjurations

   Spells                             Type                      Level
   *Magic Dart                        Conjuration                  1
   *Searing Ray                       Conjuration                  2
   Dazzling Spray                     Conjuration/Hexes            3
   Fulminant Prism                    Conjuration/Hexes            4
   Iskenderun's Mystic Blast          Conjuration                  4
   Iskenderun's Battlesphere          Conjuration/Charms           5


   Skills:
 - Level 2.0 Dodging
 - Level 2.6 Stealth
 + Level 2.6 Spellcasting
 + Level 4.3 Conjurations


You had 3 spell levels left.
You knew the following spells:

 Your Spells              Type           Power        Failure   Level  Hunger
a - Magic Dart            Conj           ###.         3%          1    #......
b - Searing Ray           Conj           ###...       6%          2    ##.....


Dungeon Overview and Level Annotations

Branches:
Dungeon (2/15)

Altars:


Innate Abilities, Weirdness & Mutations

You cannot wear most types of armour.
You are amphibious.
You can wear up to eight rings at the same time.
You can use your tentacles to constrict many enemies at once.
Your skin changes colour to match your surroundings (Stlth).
Your rubbery body absorbs attacks (AC +1).


Message History

Casting: Searing Ray
Confirm with . or Enter, or press ? or * to list all spells.
Aiming: Magic Dart
Press: ? - help, Shift-Dir - straight line, f/p - hobgoblin
Aim: a hobgoblin, wielding a club The magic dart hits the bat.
You kill the bat!
There is a stone staircase leading down here.
The hobgoblin closely misses you.
You climb downwards.
There is a stone staircase leading up here.
You start resting.
The smell of rotting flesh makes you sick. (slot l)
You start resting.
Magic restored.
There is a stone staircase leading up here.
You climb upwards.
The hobgoblin hits you with a club.
* * * LOW HITPOINT WARNING * * *
The hobgoblin hits you but does no damage.
The hobgoblin barely misses you. The hobgoblin hits you with a club.
You die...

#.# #...%.... #.# #........
#####.# #.........
#############...#.###(........
...(..........................
#####.###.###...#.###........
#####.###.###................
..)............ggg....####.##
####........#..#@.....# #
#........#..#.....##
#........#..#....##
##+########..#...## #...#
#..#..## #...# ##..#.##
###...### #....## #<......#
##..## #.......#####...#


You could see 3 hobgoblins.

Vanquished Creatures
  2 giant cockroaches (D:1)
  3 goblins
  3 hobgoblins (D:1)
  A kobold (D:1)
  A ball python (D:1)
  3 bats (D:1)
  3 rats (D:1)
16 creatures vanquished.

Notes
Turn   | Place    | Note
--------------------------------------------------------------
     0 | D:1      | KaKa, the Octopode Conjurer, began the quest for the Orb.
     0 | D:1      | Reached XP level 1. HP: 11/11 MP: 3/3
     8 | D:1      | You fall through a shaft!
   245 | D:1      | Reached XP level 2. HP: 9/17 MP: 2/4
   334 | D:1      | Learned a level 2 spell: Searing Ray
   646 | D:1      | Slain by a hobgoblin

Action                   || total
-------------------------++-------
Melee: Unarmed           ||     4
 Cast: Magic Dart        ||    19
       Searing Ray       ||     5
 Stab: Sleeping          ||     1
